AoeStats
← ffjuanes

Arabia

510112176Analyzed
1v1 RM · 3d ago on Sep 29, 2026· 17m 40s· 2 players
Game mode
Random Map
Map size
Tiny (2 player)
Population
200
Speed
Normal
Resources
Standard
Victory
Conquest
Starting age
Dark Age
Ending age
Imperial Age
RankedLock teamsTeams togetherTeam positionsShared explorationLock speedFull tech treeHidden civsTurbo modeCheats
Victory
Defeat
🇨🇴 Wei · Colombia
1240
+17
🇬🇧 Wei · United Kingdom
1260
-17
ffjuanes
6:37 Loom
7:37 Loom
9:45 Feudal Age
9:59 Man-at-Arms
15:48 Arson
16:51 Double-Bit Axe
17:24 Fletching
24601
6:57 Loom
9:17 Feudal Age
9:56 Double-Bit Axe
Connection lost

Rejoining the realm…

Still unreachable

The connection could not be restored.

Session expired

The server has moved on; the page needs a fresh start.